 Dungeon Crawl Stone Soup version 0.31-a0-187-gba352fbbf7 (webtiles) character file.

Game seed: 5574822363481306158

1724 qw the Skirmisher (level 8, 0/46 HPs)
             Began as a Deep Elf Hunter on June 22, 2023.
             Was an Initiate of Okawaru.
             Slain by a troll (7 damage)
             ... on level 7 of the Dungeon.
             The game lasted 00:02:22 (5177 turns).

qw the Skirmisher (Deep Elf Hunter)                 Turns: 5177, Time: 00:02:23

Health: 0/46       AC: 11    Str: 18    XL:     8   Next: 75%
Magic:  10/10      EV: 14    Int: 15    God:    Okawaru [......]
Gold:   268        SH:  0    Dex: 18    Spells: 7/7 levels left

rFire   . . .        l - +0 orcbow
rCold   . . .        (shield currently unavailable)
rNeg    + + .        m - +6 leather armour of Calculation {Drain rN++ Str+2}
rPois   .            c - +0 helmet
rElec   .            j - +0 cloak
rCorr   .            (no gloves)
SInv    +            (no boots)
Will    .....        (no amulet)
Stlth   ++           g - ring of see invisible
HPRegen 0.27/turn    p - +6 ring of strength
MPRegen 0.12/turn

%: no passive effects
@: about to teleport
A: no striking features
a: Renounce Religion


You were on level 7 of the Dungeon.
You worshipped Okawaru.
Okawaru was noncommittal.
You visited 2 branches of the dungeon, and saw 8 of its levels.

You collected 268 gold pieces.


   Skills:
 - Level 3.4 Fighting
 + Level 13.4 Ranged Weapons
 - Level 1.5 Armour
 - Level 5.2 Dodging
 - Level 1.2 Stealth


You had 7 spell levels left.
You didn't know any spells.
Your spell library was empty.

Inventory:

Hand Weapons
 l - a +0 orcbow (weapon)
Armour
 c - a +0 helmet (worn)
 d - a +1 leather armour of fire resistance
 j - a +0 cloak (worn)
 m - the +6 leather armour of Calculation (worn) {Drain rN++ Str+2}
   (You found it on level 3 of the Dungeon)

   Str:       It affects your strength (+2).
   rN:        It greatly protects you from negative energy.
   Drain:     It drains your maximum health when unequipped.
 n - a scarf of repulsion
Jewellery
 g - a ring of see invisible (left hand)
 i - a ring of ice
 p - a +6 ring of strength (right hand)
 r - a +5 ring of evasion
Scrolls
 b - 2 scrolls of identify
 f - 2 scrolls of teleportation
 q - a scroll of silence {unknown}
Potions
 a - a potion of resistance
 e - a potion of might
 h - a potion of curing
 k - a potion of haste
 o - a potion of enlightenment
 s - a potion of berserk rage {unknown}

Dungeon Overview and Level Annotations

Branches:
Dungeon (7/15)             Temple (1/1) D:6

Altars:
Ashenzari
Cheibriados
Dithmenos
Elyvilon
Gozag
Hepliaklqana
Kikubaaqudgha
Nemelex Xobeh
Okawaru
Qazlal
Ru
Sif Muna
Trog
Uskayaw
Wu Jian
Xom
Yredelemnul
Zin
The Shining One


Message History

The deep elf pyromancer gestures wildly while chanting.
The troll bites you! The troll closely misses you. The troll claws you.
You shoot an arrow. The arrow barely misses the troll.
The troll completely misses you. x2; The troll claws you.
You shoot an arrow. The arrow hits the troll.
The troll is lightly wounded.
The troll closely misses you. The troll claws you. The troll misses you.
You shoot an arrow. The arrow hits the troll.
The troll is lightly wounded.
You shoot an arrow. The arrow hits the troll.
The troll is lightly wounded.
The troll closely misses you. The troll misses you.
The troll barely misses you.
You shoot an arrow. The arrow barely misses the troll.
The arrow hits the two-headed ogre.
The two-headed ogre is lightly wounded.
The troll barely misses you. The troll completely misses you.
The troll claws you!
The deep elf pyromancer mumbles some strange words.
The deep elf pyromancer blinks!
5174 ||| READING 3 scrolls of teleportation.
As you read the scroll of teleportation, it crumbles to dust.
You feel strangely unstable.
A slime creature comes into view.
The troll bites you but does no damage. The troll closely misses you.
The troll claws you but does no damage.
You shoot an arrow. The arrow barely misses the troll.
The arrow barely misses the two-headed ogre.
The slime creature is engulfed in blazing flames.
The troll closely misses you. The troll claws you.
The troll closely misses you.
You shoot an arrow.
The arrow hits the troll but does no damage.
The troll is lightly wounded.
The sky beast flickers out of sight for a moment.
The troll closely misses you. The troll claws you but does no damage.
The troll barely misses you.
You shoot an arrow. The arrow hits the troll!
The troll is moderately wounded.
A two-headed ogre comes into view. It is wielding two +0 giant clubs.
The troll bites you!
You die...

####...###...
#..# ##
.............
#. ##.## #.
#####........
.# #..# #.
#.###.####....
#.# ##.###.
#.....####....
.. #..##.
#.##.........#
#. ##..#.
#.##.#######..
##.# ##.#.
#.##.# #..#
#..# ..##.#
##@# ##.#
####.#


#.#TWTYEJO #.. ...#.# ##.##O###E# ##. .#.#.# ..#...##.#E.} #. .#.#.
#.##...##.##.# ## .#.# #### ..#..#..# .#[# # .#.# #...#.##.#.#.## ### # .#.#
#..#..#...#...# .#. ##.# #..#.##..#.#..## You could see a slime creature, 2
two-headed ogres, 2 trolls, 3 fire elementals, a wraith and a sky beast
(invisible).

Vanquished Creatures
  2 ice beasts (D:6)
  An orc warrior (D:6)
  A sky beast (D:6)
  A black bear (D:6)
  A centaur (D:6)
  A phantom (D:6)
  2 kobold brigands
  4 bullfrogs
  2 scorpions
  3 jellies
  3 hounds
  An orc priest (D:6)
  A sleepcap (D:4)
  An iguana (D:7)
  2 orc wizards (D:6)
  Robin (D:2)
  3 gnolls (D:4)
  8 adders
  A white imp (D:5)
  An ufetubus (D:7)
  A worm (D:2)
  A dart slug (D:5)
  18 orcs
  8 endoplasms
  5 giant cockroaches
  11 hobgoblins
  4 jackals (D:3)
  20 kobolds
  5 quokkas
  9 ball pythons
  8 bats
  9 frilled lizards
  17 goblins
  6 rats
162 creatures vanquished.

Notes
Turn   | Place    | Note
-------+----------+-------------------------------------------
     0 | D:1      | qw the Deep Elf Hunter began the quest for the Orb.
     0 | D:1      | Reached XP level 1. HP: 12/12 MP: 3/3
     0 | D:1      | 0 ||| qw: Version: 0.3-a-9-g12657ce
     0 | D:1      | 0 ||| qw: Game counter: 2231
     0 | D:1      | 0 ||| qw: Always use a shield: true
     0 | D:1      | 0 ||| qw: God list: Okawaru
     0 | D:1      | 0 ||| qw: Allow faded altars: false
     0 | D:1      | 0 ||| qw: Do Orc after D:15 true
     0 | D:1      | 0 ||| qw: Do second Lair branch before Depths: true
     0 | D:1      | 0 ||| qw: Lair rune preference: random
     0 | D:1      | 0 ||| qw: Plans: Normal
     0 | D:1      | 0 ||| PLANNING D:1-11
    97 | D:1      | Reached XP level 2. HP: 16/16 MP: 4/4
    98 | D:1      | Reached skill level 6 in Ranged Weapons
   462 | D:1      | Found a faded altar of an unknown god.
   495 | D:1      | Reached XP level 3. HP: 20/20 MP: 5/5
   687 | D:1      | 687 ||| UPGRADING to +1 leather armour of fire resistance.
   697 | D:1      | 697 ||| DROPPING +0 leather armour.
   713 | D:1      | 713 ||| UPGRADING to ring of see invisible.
   714 | D:1      | 714 ||| READING scroll labelled SUHYTO NULEDD.
   734 | D:1      | 734 ||| READING scroll labelled FOARIPT YHICHI.
   735 | D:1      | 735 ||| READING scroll labelled QEN ZOVABBEBREZ.
   736 | D:1      | 736 ||| READING scroll labelled OREXAA MOPETE.
   737 | D:1      | 737 ||| DRINKING 2 bubbling cyan potions.
   738 | D:1      | 738 ||| DROPPING scroll of butterflies.
   740 | D:1      | 740 ||| Stepping ~*~*~tactically~*~*~ (cloud).
   746 | D:1      | HP: 5/20 [poisoned by you (poison gas)]
   910 | D:2      | Reached skill level 7 in Ranged Weapons
  1174 | D:2      | Noticed Robin
  1183 | D:2      | Reached XP level 4. HP: 17/25 MP: 6/6
  1188 | D:2      | HP: 6/25 [hobgoblin[Robin] (2)]
  1189 | D:2      | 1189 ||| DRINKING potion of heal wounds.
  1191 | D:2      | Killed Robin
  1195 | D:2      | HP: 6/25 [hobgoblin[Robin] (3)]
  1198 | D:2      | HP: 2/25 [goblin/+0 dagger[Robin] (2)]
  1504 | D:2      | Reached skill level 8 in Ranged Weapons
  1505 | D:2      | 1505 ||| Stepping ~*~*~tactically~*~*~ (outnumbered).
  1508 | D:2      | 1508 ||| Stepping ~*~*~tactically~*~*~ (outnumbered).
  1679 | D:2      | 1679 ||| UPGRADING to +0 helmet.
  1684 | D:2      | 1684 ||| READING scroll labelled ULIER HOAFUNNE.
  1685 | D:2      | 1685 ||| READING 2 scrolls labelled VOOTHR YZAM.
  1686 | D:2      | 1686 ||| READING scroll labelled QECKIL GAO.
  1687 | D:2      | 1687 ||| READING scroll labelled RATEFU CAGORCH.
  1798 | D:3      | Reached XP level 5. HP: 24/29 MP: 7/7
  2302 | D:3      | Identified the +6 leather armour of Calculation {Drain rN++
                  | Str+2}
  2398 | D:3      | 2398 ||| DROPPING +0 ring mail.
  2399 | D:3      | 2399 ||| UPGRADING to +6 leather armour of Calculation
                  | {Drain rN++ Str+2}.
  2409 | D:3      | 2409 ||| READING 2 scrolls labelled UJAREFR FANGO.
  2410 | D:3      | 2410 ||| READING scroll labelled RURHEA UPAU.
  2415 | D:3      | 2415 ||| READING scroll labelled DOMOIDGH RIPEGG.
  2416 | D:3      | 2416 ||| READING scroll labelled YBBOWK YFENGU.
  2417 | D:3      | 2417 ||| DROPPING scroll of fear.
  2469 | D:4      | 2469 ||| Stepping ~*~*~tactically~*~*~ (outnumbered).
  2471 | D:4      | 2471 ||| Stepping ~*~*~tactically~*~*~ (outnumbered).
  2473 | D:4      | 2473 ||| Stepping ~*~*~tactically~*~*~ (outnumbered).
  2646 | D:4      | Found an ornate altar of the Wu Jian Council.
  2648 | D:4      | Found a sparkling altar of Nemelex Xobeh.
  2703 | D:4      | Reached XP level 6. HP: 34/34 MP: 8/8
  2707 | D:4      | Reached skill level 9 in Ranged Weapons
  2725 | D:4      | HP: 8/34 [poisoned by a scorpion]
  3211 | D:4      | 3211 ||| READING scroll labelled JENTYA ROERIJE.
  3212 | D:4      | 3212 ||| DRINKING 2 sapphire potions.
  3213 | D:4      | 3213 ||| DRINKING 2 clear potions.
  3214 | D:4      | 3214 ||| DRINKING 3 golden potions.
  3215 | D:4      | 3215 ||| READING 4 scrolls of identify.
  3215 | D:4      | 3215 ||| IDENTIFYING fuming orange potion
  3216 | D:4      | 3216 ||| READING 3 scrolls of identify.
  3216 | D:4      | 3216 ||| IDENTIFYING metallic amethyst potion
  3217 | D:4      | 3217 ||| DROPPING 2 potions of invisibility.
  3233 | D:5      | Entered Level 5 of the Dungeon
  3287 | D:5      | 3287 ||| STAIRDANCE
  3540 | D:5      | Reached skill level 10 in Ranged Weapons
  3582 | D:5      | Found a shadowy altar of Dithmenos.
  3719 | D:5      | 3719 ||| UPGRADING to +0 cloak.
  3728 | D:5      | 3728 ||| STAIRDANCE
  3737 | D:4      | 3737 ||| READING scroll labelled EMOURUC HOILU.
  3764 | D:5      | Reached XP level 7. HP: 40/40 MP: 9/9
  4035 | D:6      | Found a hazy altar of Hepliaklqana.
  4040 | D:6      | Reached skill level 11 in Ranged Weapons
  4141 | D:6      | 4141 ||| FLEEEEING.
  4142 | D:6      | 4142 ||| FLEEEEING.
  4143 | D:6      | 4143 ||| STAIRDANCE
  4211 | D:6      | Reached skill level 12 in Ranged Weapons
  4238 | D:6      | Reached XP level 8. HP: 34/45 MP: 10/10
  4289 | D:6      | Found a staircase to the Ecumenical Temple.
  4290 | D:6      | 4290 ||| PLANNING TEMPLE
  4297 | Temple   | Entered the Ecumenical Temple
  4297 | Temple   | Found a transporter.
  4297 | Temple   | Found a transporter.
  4299 | Temple   | Found a transporter.
  4299 | Temple   | Found a transporter.
  4309 | Temple   | 4309 ||| PLANNING D:1-11
  4314 | Temple   | 4314 ||| PLANNING OKAWARU WORSHIP
  4321 | Temple   | Became a worshipper of Warmaster Okawaru
  4322 | Temple   | 4322 ||| PLANNING D:1-11
  4350 | D:6      | Reached skill level 3 in Fighting
  4359 | D:6      | 4359 ||| SWAPPING to +0 orcbow.
  4362 | D:6      | 4362 ||| DROPPING +1 shortbow of draining.
  4396 | D:6      | Reached skill level 1 in Armour
  4402 | D:6      | 4402 ||| FLEEEEING.
  4403 | D:6      | 4403 ||| FLEEEEING.
  4404 | D:6      | 4404 ||| FLEEEEING.
  4406 | D:6      | 4406 ||| FLEEEEING.
  4407 | D:6      | 4407 ||| FLEEEEING.
  4408 | D:6      | 4408 ||| FLEEEEING.
  4409 | D:6      | 4409 ||| FLEEEEING.
  4410 | D:6      | 4410 ||| FLEEEEING.
  4411 | D:6      | 4411 ||| FLEEEEING.
  4412 | D:6      | 4412 ||| FLEEEEING.
  4413 | D:6      | 4413 ||| FLEEEEING.
  4414 | D:6      | 4414 ||| FLEEEEING.
  4415 | D:6      | 4415 ||| FLEEEEING.
  4416 | D:6      | 4416 ||| FLEEEEING.
  4417 | D:6      | 4417 ||| FLEEEEING.
  4418 | D:6      | 4418 ||| FLEEEEING.
  4419 | D:6      | 4419 ||| FLEEEEING.
  4422 | D:6      | 4422 ||| FLEEEEING.
  4423 | D:6      | 4423 ||| FLEEEEING.
  4424 | D:6      | 4424 ||| FLEEEEING.
  4425 | D:6      | 4425 ||| FLEEEEING.
  4426 | D:6      | 4426 ||| FLEEEEING.
  4427 | D:6      | 4427 ||| FLEEEEING.
  4428 | D:6      | 4428 ||| FLEEEEING.
  4429 | D:6      | 4429 ||| STAIRDANCE
  4547 | D:6      | Found an ancient bone altar of Kikubaaqudgha.
  4715 | D:6      | 4715 ||| UPGRADING to +6 ring of strength.
  4716 | D:6      | 4716 ||| READING 4 scrolls of identify.
  4716 | D:6      | 4716 ||| IDENTIFYING fizzy inky potion
  4717 | D:6      | 4717 ||| READING 3 scrolls of identify.
  4717 | D:6      | 4717 ||| IDENTIFYING cyan potion
  4718 | D:6      | 4718 ||| DROPPING potion of degeneration.
  4901 | D:7      | Reached skill level 13 in Ranged Weapons
  5125 | D:7      | Found a shimmering altar of Xom.
  5166 | D:7      | Noticed a troll
  5166 | D:7      | Noticed a troll
  5166 | D:7      | Noticed a two-headed ogre
  5166 | D:7      | Noticed a deep elf pyromancer
  5173 | D:7      | HP: 10/46 [troll (10)]
  5174 | D:7      | 5174 ||| READING 3 scrolls of teleportation.
  5174 | D:7      | Noticed a slime creature
  5177 | D:7      | Noticed a two-headed ogre
  5177 | D:7      | Slain by a troll

Levels and vault maps discovered:
D:1:      lightli_molten_gateway, layout_basic,
          ebering_ecumenical_altar_sacrificial, minmay_quantized
D:2:      layout_loops_ring, lexackson_kobold_supper, uniq_robin
D:3:      layout_loops_corners, grunt_ministairs_9, st_stairs_7
D:4:      layout_basic, nicolae_overflow_hidden_temple
D:5:      cheibrodos_quashed, layout_loops_corners,
          mainiacjoe_overflow_concentric_impassable
D:6:      layout_basic, mainiacjoe_overflow_large_starburst,
          minmay_temple_entry_stoned_glass, grunt_ministairs_15,
          kennysheep_windowed_goal
D:7:      minmay_the_grid_triangle_9x9_recursive_2
          [minmay_the_grid_triangle_9x9_prize_top_heavy,
          minmay_the_grid_triangle_9x9_limited_checkers,
          minmay_the_grid_triangle_9x9_cache,
          minmay_the_grid_triangle_9x9_intruding_spiral], layout_basic,
          lemuel_round_altar, minmay_gold_behind_fungi
Temple:   hellmonk_temple_divided_pantheon

Skill      XL: |  1  2  3  4  5  6  7  8 |
---------------+-------------------------+-----
Ranged Weapons | 6 7 8 10 12 13 | 13.4
Dodging        | 4 5 |  5.2
Fighting       | 2 3 |  3.4
Armour         | 1 |  1.5
Stealth        | |  1.2

Action                     |  1- 3 |  4- 6 |  7- 9 || total
---------------------------+-------+-------+-------++-------
   Fire: Shortbow          |    96 |   203 |    70 ||   369
         Orcbow            |       |       |   109 ||   109
    Use: Scroll            |     4 |    12 |     3 ||    19
         Potion            |     1 |     4 |       ||     5
 Armour: Leather armour    |     8 |    23 |    45 ||    76
  Dodge: Dodged            |    16 |    69 |    84 ||   169

Table legend:
 A = Non-vault XP
 B = Vault XP
 C = Vault XP percentage of total XP
 D = Non-vault monster count
 E = Vault monster count
 F = Vault count percentage of total count
                 A         B        C        D         E       F
            +---------+---------+-------+---------+---------+-------
      Total |    2262 |     202 |   8.2 |     125 |      37 |  22.8
            +---------+---------+-------+---------+---------+-------
        D:1 |      45 |       7 |  13.5 |      27 |       5 |  15.6
        D:2 |      53 |      50 |  48.5 |      17 |      21 |  55.3
        D:3 |      61 |      14 |  18.7 |      13 |       7 |  35.0
        D:4 |     314 |       0 |   0.0 |      22 |       0 |   0.0
        D:5 |     190 |       0 |   0.0 |      13 |       0 |   0.0
        D:6 |    1312 |     131 |   9.1 |      22 |       4 |  15.4
        D:7 |     287 |       0 |   0.0 |      11 |       0 |   0.0
            +---------+---------+-------+---------+---------+-------
